 Dungeon Crawl Stone Soup version 0.21-a0-143-g1ab7d47 (webtiles) character file.

2316 drasked the Basher (level 9, -2/60 HPs)
             Began as a Gargoyle Fighter on July 24, 2017.
             Was a Believer of Okawaru.
             Slain by an orc warrior
             ... wielding a +0 glaive
              (21 damage)
             ... on level 7 of the Dungeon.
             The game lasted 00:11:02 (5711 turns).

drasked the Basher (Gargoyle Fighter)               Turns: 5711, Time: 00:11:03

Health: -2/60      AC: 13    Str: 22    XL:     9   Next: 41%
Magic:  18/18      EV:  7    Int: 10    God:    Okawaru [**....]
Gold:   256        SH:  9    Dex:  9    Spells: 8/8 levels left

rFire    . . .     SeeInvis .   a - +0 flail
rCold    . . .     Gourm    .   c - +0 shield
rNeg     + + .     Faith    .   b - +0 scale mail
rPois    ∞         Spirit   .   (no helmet)
rElec    +         Reflect  .   j - +0 cloak
rCorr    .         Harm     .   (no gloves)
MR       .....                  (no boots)
Stlth    ..........             (no amulet)
HPRegen  0.20/turn              l - ring of positive energy {rN+}
MPRegen  0.16/turn              r - ring of magical power {MP+9}

@: no status effects
A: negative energy resistance 1, electricity resistance, unbreathing,
petrification resistance, rot immunity, AC +5
a: Heroism, Renounce Religion


You were on level 7 of the Dungeon.
You worshipped Okawaru.
Okawaru was pleased with you.
You were not hungry.

You visited 2 branches of the dungeon, and saw 8 of its levels.

You collected 256 gold pieces.

Inventory:

Hand Weapons
 a - a +0 flail (weapon)
 n - a +0 whip of freezing
   (You took it off a kobold on level 2 of the Dungeon)
 G - a +1 whip of freezing
   (You took it off Pikel on level 6 of the Dungeon)
Armour
 b - a +0 scale mail (worn)
 c - a +0 shield (worn)
 j - a +0 cloak (worn)
   (You found it on level 1 of the Dungeon)
 q - a cursed -1 plate armour
   (You found it on level 3 of the Dungeon)
 A - a +0 chain mail
   (You found it on level 6 of the Dungeon)
Jewellery
 h - an uncursed ring of poison resistance {rPois, !d}
   (You found it on level 1 of the Dungeon)
 l - a ring of positive energy (left hand) {rN+}
   (You found it on level 1 of the Dungeon)
 r - a ring of magical power (right hand) {MP+9}
   (You found it on level 3 of the Dungeon)
 E - an uncursed ring of positive energy {rN+}
   (You found it on level 6 of the Dungeon)
Wands
 s - a wand of confusion (31/48)
   (You found it on level 3 of the Dungeon)
 t - a wand of acid (9/15)
   (You found it on level 4 of the Dungeon)
 x - a wand of confusion (28/48)
   (You found it on level 4 of the Dungeon)
Scrolls
 g - 6 scrolls of identify {unknown}
 i - 4 scrolls of teleportation {unknown}
 k - a scroll of fog {unknown}
 o - 4 scrolls of enchant armour {unknown}
 p - 6 scrolls of remove curse {unknown}
 w - a scroll of random uselessness {unknown}
 y - a scroll of blinking {unknown}
 B - a scroll of vulnerability {unknown}
Potions
 d - 3 potions of might
 e - 2 potions of curing {unknown}
 v - a potion of heal wounds {unknown}
 z - 2 potions of brilliance {unknown}
 D - a potion of flight {unknown}
 F - 2 potions of haste {unknown}
Comestibles
 f - 3 bread rations {@e1}
 m - 3 royal jellies
 u - 4 fruits
 C - 2 meat rations {@e2}
 H - 4 chunks of flesh {@w0}


   Skills:
 + Level 8.3 Fighting
 * Level 10.3 Maces & Flails
 - Level 3.2 Armour
 - Level 3.2 Shields


You had 8 spell levels left.
You didn't know any spells.

Dungeon Overview and Level Annotations

Branches:
Dungeon (7/15)             Temple (1/1) D:6

Altars:
Ashenzari
Cheibriados
Dithmenos
Elyvilon
Fedhas
Gozag
Hepliaklqana
Kikubaaqudgha
Makhleb
Nemelex Xobeh
Okawaru
Qazlal
Ru
Sif Muna
Trog
Uskayaw
Vehumet
Wu Jian
Xom
Yredelemnul
Zin
The Shining One


Innate Abilities, Weirdness & Mutations

You are resistant to torment.
Your stone body is resilient. (AC +5)
You are immune to poison.
You resist negative energy. (rN+)
You are resistant to electric shocks. (rElec)
You can survive without breathing.
You are immune to petrification.
You are immune to rotting.


Message History

The orc priest looks satisfied for a moment.
You hit the orc priest.
You kill the orc priest!
Okawaru accepts your kill.
You barely miss the orc. You block the orc's attack.
You bludgeon the orc!!
You kill the orc!
Okawaru accepts your kill.
You hit the orc but do no damage. The orc barely misses you.
You hit the orc. You block the orc's attack.
You are feeling hungry.
You thump the orc!
You kill the orc!
Okawaru accepts your kill.
Items here: ))) [[[ † You butcher the orc corpse.
H - 10 chunks of flesh {@w0} (gained 4)
Items here: ))) [[[ a hand axe; a chain mail; a leather armour; a war axe; a scimitar a plate armour Autoeating chunks.
Eating one of 10 chunks of flesh {@w0}.
You eat one of the 10 chunks of flesh {@w0}.
You start resting.
Some of the chunks of flesh in your inventory have rotted away.
An orc, an orc warrior and a centaur come into view.
The centaur shouts!
The orc shouts!
The centaur wields a shortbow.
The centaur shoots an arrow.
The arrow hits you but does no damage.
An orc wizard comes into view. It is wielding an enchanted dagger.
You see here an arrow.
There are monsters nearby!
There are monsters nearby!
There are monsters nearby!
Health restored: 59 The centaur shoots an arrow.
You block the arrow.
You see here an arrow.
The centaur shoots an arrow.
The arrow hits you.
You see here an arrow.
You take 2 damage, and have 57/59 hp.
The centaur shoots an arrow.
The arrow hits you.
You take 2 damage, and have 56/59 hp.
The centaur unwields an uncursed shortbow.
You block the centaur's attack.
You hit the centaur but do no damage. You block the centaur's attack.
The centaur hits you but does no damage.
You hit the centaur. The centaur closely misses you.
You barely miss the centaur.
The centaur hits you but does no damage. x2
You sock the centaur!
The centaur hits you but does no damage.
Your shield and scale mail prevent you from hitting the centaur.
The centaur hits you but does no damage.
You sock the centaur!
You kill the centaur!
Okawaru accepts your kill.
You closely miss the orc. You block the orc's attack.
You block the orc warrior's attack.
You barely miss the orc. The orc hits you but does no damage.
You hit the orc.
The orc warrior hits you from afar with a glaive.
The orc hits you but does no damage.
You take 5 damage, and have 53/60 hp.
You completely miss the orc. The orc hits you but does no damage.
You block the orc warrior's attack.
You closely miss the orc.
The orc wizard shouts!
The orc hits you but does no damage. You block the orc warrior's attack.
Your shield prevents you from hitting the orc.
You block the orc's attack.
You thump the orc!
You kill the orc!
Okawaru accepts your kill.
The orc warrior hits you from afar with a glaive!
You take 12 damage, and have 41/60 hp.
You block the orc warrior's attack.
Items here: ( )) † a dagger; an uncursed shortbow; 12 arrows; an orc corpse You sock the orc warrior!
The orc wizard gestures wildly while chanting.
The orc wizard seems to speed up.
You block the orc warrior's attack.
Some of the chunks of flesh in your inventory have rotted away.
You closely miss the orc warrior.
You hit the orc warrior but do no damage.
The orc warrior hits you with a glaive!
You take 10 damage, and have 32/60 hp.
You are too injured to fight recklessly!
You are too injured to fight recklessly!
You are too injured to fight recklessly!
You are too injured to fight recklessly!
Unknown command.
You hit the orc warrior. You block the orc warrior's attack.
You barely miss the orc warrior. The orc warrior hits you with a glaive!
You take 13 damage, and have 19/60 hp.
MASSIVE DAMAGE!!
You hit the orc warrior. You sock the orc warrior!
The orc warrior hits you with a glaive!!
You die...

###############
.....?.(.(oo@.#
.......######.##
....... #(.##
....... ##..#
......%
##.#######
##...##
#...))..# o.(#.
#######<# .....
#.# #.#


You could see an orc warrior and an orc wizard.

Vanquished Creatures
  Pikel (D:6)
  An ice beast (D:6)
  A sky beast (D:6)
  An orc warrior (D:7)
  A phantom (D:6)
  A black bear (D:4)
  A centaur (D:7)
  An ogre (D:4)
  2 bullfrogs (D:6)
  A wyvern zombie (D:6)
  A water moccasin zombie (D:6)
  2 scorpions
  A crimson imp (D:5)
  3 bullfrog zombies
  2 bullfrog skeletons
  A gnoll shaman (D:4)
  3 orc priests
  2 centaur zombies (D:6)
  2 hounds
  An orc wizard (D:7)
  An iguana (D:4)
  5 worker ants
  2 killer bee zombies (D:6)
  2 hound skeletons
  2 worker ant zombies
  2 howler monkey zombies
  3 gnolls (D:6)
  8 adders
  2 oozes
  A worm (D:4)
  4 dart slugs
  4 leopard geckos
  20 orcs
  4 giant cockroaches
  10 goblins
  6 hobgoblins
  9 jackals
  2 quokkas
  5 bats
  9 frilled lizards
  A jackal skeleton (D:6)
  3 jackal zombies (D:6)
  6 kobolds
  A leopard gecko skeleton (D:6)
  11 rats
152 creatures vanquished.

Vanquished Creatures (others)
  2 slaves (D:6)
  A black bear (D:6)
  A bullfrog (D:6)
  A gnoll shaman (D:6)
  2 gnolls (D:6)
  An adder zombie (D:6)
  A leopard gecko (D:6)
  A leopard gecko zombie (D:6)
10 creatures vanquished.

Grand Total: 162 creatures vanquished

Notes
Turn   | Place    | Note
-------+----------+-------------------------------------------
     0 | D:1      | drasked the Gargoyle Fighter began the quest for the Orb.
     0 | D:1      | Reached XP level 1. HP: 14/14 MP: 1/1
   338 | D:1      | Reached XP level 2. HP: 19/19 MP: 2/2
   599 | D:1      | Reached skill level 3 in Maces & Flails
   683 | D:1      | Reached XP level 3. HP: 22/23 MP: 3/3
  1621 | D:3      | Reached XP level 4. HP: 29/29 MP: 4/4
  1648 | D:3      | Reached skill level 4 in Fighting
  1722 | D:3      | Reached skill level 4 in Maces & Flails
  2412 | D:4      | Reached XP level 5. HP: 33/33 MP: 5/5
  2554 | D:4      | Found a hide-covered altar of Uskayaw.
  2621 | D:4      | Reached skill level 5 in Maces & Flails
  2682 | D:4      | Reached XP level 6. HP: 35/39 MP: 6/6
  2726 | D:4      | Noticed a black bear
  2744 | D:4      | Killed a black bear
  2744 | D:4      | Reached skill level 5 in Fighting
  3042 | D:4      | Reached skill level 6 in Maces & Flails
  3080 | D:4      | Reached XP level 7. HP: 33/44 MP: 7/7
  3492 | D:5      | Entered Level 5 of the Dungeon
  3684 | D:5      | Reached skill level 7 in Maces & Flails
  3976 | D:5      | Reached skill level 6 in Fighting
  4085 | D:6      | Reached XP level 8. HP: 33/52 MP: 8/8
  4264 | D:6      | Found a staircase to the Ecumenical Temple.
  4321 | Temple   | Entered the Ecumenical Temple
  4445 | Temple   | Became a worshipper of Warmaster Okawaru
  4562 | D:6      | Reached skill level 8 in Maces & Flails
  4754 | D:6      | Reached skill level 7 in Fighting
  4789 | D:6      | Noticed Pikel
  4820 | D:6      | Reached skill level 9 in Maces & Flails
  4863 | D:6      | Killed Pikel
  4863 | D:6      | Reached * piety under Okawaru
  4863 | D:6      | Reached XP level 9. HP: 27/59 MP: 9/9
  5051 | D:6      | Reached ** piety under Okawaru
  5051 | D:6      | Reached skill level 8 in Fighting
  5051 | D:6      | Reached skill level 10 in Maces & Flails
  5711 | D:7      | Slain by an orc warrior

Vault maps used:
D:1:      tarquinn_simple_flora_water_b, serial_curves, eino_curves_03,
          eino_curves_03, eino_curves_03, hex_intersection,
          minmay_misc_feat_ornament, serial_bayou_crossing
D:2:      first_bread
D:4:      eat_drink_and_be_merry_uskayaw, minmay_bisected
D:5:      grunt_ministairs_2, kennysheep_generic_room_11
D:6:      temple_pool_b, serial_undead, serial_undead_a, serial_undead_d,
          serial_undead_a, serial_undead_d, serial_undead_b,
          columned_hall_lemuel, uniq_pikel
Temple:   kilobyte_greek_temple

Skill      XL: |  1  2  3  4  5  6  7  8  9 |
---------------+----------------------------+-----
Maces & Flails | 3 4 5 6 7 9 10 | 10.3
Fighting       | 4 5 6 7 8 |  8.3
Armour         | |  3.2
Shields        | |  3.2

Action                   |  1- 3 |  4- 6 |  7- 9 || total
-------------------------+-------+-------+-------++-------
Melee: Flail             |   112 |   215 |   381 ||   708
       Whip              |    54 |       |    48 ||   102
  Eat: Chunk             |     2 |     5 |     9 ||    16
       Fruit             |       |       |     1 ||     1
Armor: Scale mail        |   103 |   138 |   216 ||   457
Dodge: Dodged            |    62 |    78 |   131 ||   271
Block: Shield            |    96 |   129 |   198 ||   423

Vault maps used:
D:1:      tarquinn_simple_flora_water_b, serial_curves, eino_curves_03,
          eino_curves_03, eino_curves_03, hex_intersection,
          minmay_misc_feat_ornament, serial_bayou_crossing
D:2:      first_bread
D:4:      eat_drink_and_be_merry_uskayaw, minmay_bisected
D:5:      grunt_ministairs_2, kennysheep_generic_room_11
D:6:      temple_pool_b, serial_undead, serial_undead_a, serial_undead_d,
          serial_undead_a, serial_undead_d, serial_undead_b,
          columned_hall_lemuel, uniq_pikel
Temple:   kilobyte_greek_temple

Table legend:
 A = Turns spent in this place as a percentage of turns spent in the entire game.
 B = Non-inter-level travel turns spent in this place as a percentage of non-inter-level travel turns spent in the entire game.
 C = Inter-level travel turns spent in this place as a percentage of turns spent in this place.
 D = Turns resting spent in this place as a percentage of non-inter-level travel turns spent in this place.
 E = Turns spent auto-exploring this place as a percentage of non-inter-level travel turns spent in this place.
 F = Non-inter-level travel turns spent in this place divided by the number of levels of this place that you've seen.
                   A       B       C       D       E      F
               +-------+-------+-------+-------+-------+----------------------
         Total | 100.0 | 100.0 |   0.4 |   1.5 |   7.5 | 293.9
       Dungeon |  99.0 |  99.1 |   0.3 |   1.5 |   7.2 | 332.9
        Temple |   1.0 |   0.9 |   8.7 |   0.0 |  38.1 |  21.0
               +-------+-------+-------+-------+-------+----------------------

Table legend:
 A = Kills in this place as a percentage of kills in entire the game.
 B = Kills by you in this place as a percentage of kills by you in the entire game.
 C = Kills by friends in this place as a percentage of kills by friends in the entire game.
 D = Other kills in this place as a percentage of other kills in the entire game.
 E = Experience gained in this place as a percentage of experience gained in the entire game.
 F = Experience gained in this place divided by the number of levels of this place that you have seen.
                   A       B       C       D       E      F
               +-------+-------+-------+-------+-------+----------------------
         Total | 100.0 | 100.0 |  -nan |  -nan | 100.0 | 413.6
       Dungeon | 100.0 | 100.0 |  -nan |  -nan | 100.0 | 472.7
               +-------+-------+-------+-------+-------+----------------------
